 Dungeon Crawl Stone Soup version 0.29.1-15-g9cfb28693d (webtiles) character file.

Game seed: 2179304373687243556

70 Ast3rio the Trooper (level 4, 0/41 HPs)
             Began as a Hill Orc Fighter on Mar 28, 2023.
             Slain by an orc wizard
             ... wielding a +0 dagger
              (1 damage)
             ... on level 3 of the Dungeon.
             The game lasted 00:03:25 (1650 turns).

Ast3rio the Trooper (Hill Orc Fighter)              Turns: 1650, Time: 00:03:25

Health: 0/41       AC:  6    Str: 22    XL:     4   Next: 22%
Magic:  4/4        EV:  9    Int:  3    God:
Gold:   121        SH:  4    Dex: 12    Spells: 3/3 levels left

rFire   . . .      SeeInvis .   k - +6 sling of the Wary Dances {vorpal, Str+2 Int-5 Dex+2}
rCold   . . .      Faith    .   c - +0 buckler
rNeg    . . .      Spirit   .   b - +0 scale mail
rPois   .          Reflect  .   (no helmet)
rElec   .          Harm     .   (no cloak)
rCorr   .          Rampage  .   (no gloves)
Will    .....                   (no boots)
Stlth   ..........              (no amulet)
HPRegen 0.13/turn               (no ring)
MPRegen 0.09/turn               (no ring)

@: no status effects
A: no striking features
a: no special abilities


You were on level 3 of the Dungeon.
You visited 1 branch of the dungeon, and saw 3 of its levels.

You collected 121 gold pieces.

Inventory:

Hand Weapons
 a - a +0 war axe
 k - the +6 sling of the Wary Dances (weapon) {vorpal, Str+2 Int-5 Dex+2}
   (You found it on level 2 of the Dungeon)

   Any ammunition fired from it inflicts extra damage upon your enemies.
   Str:       It affects your strength (+2).
   Int:       It affects your intelligence (-5).
   Dex:       It affects your dexterity (+2).
Armour
 b - a +0 scale mail (worn)
 c - a +0 buckler (worn)
Jewellery
 i - an amulet of faith
Wands
 n - a wand of mindburst (32)
Scrolls
 e - 2 scrolls of identify {unknown}
 f - a scroll of noise {unknown}
 g - 2 scrolls of teleportation {unknown}
 p - a scroll of brand weapon {unknown}
Potions
 d - a potion of might
 h - 2 potions of cancellation {unknown}
 j - a potion of lignification {unknown}
 l - 2 potions of attraction {unknown}
 m - 2 potions of flight {unknown}
 o - a potion of brilliance {unknown}


   Skills:
 * Level 4.4 Fighting
 + Level 3.6 Axes
 * Level 1.3 Ranged Weapons
 + Level 3.6 Armour
 + Level 0.1 Dodging
 + Level 3.5 Shields


You had 3 spell levels left.
You didn't know any spells.
Your spell library contained the following spells:

 Spells                   Type           Power      Damage    Failure   Level
 Olgreb's Toxic Radiance  Pois           0%         N/A       100%        4
 Ozocubu's Refrigeration  Ice            0%         4d7       100%        7
 Ignition                 Fire           0%         3d3       100%        8


Dungeon Overview and Level Annotations

Branches:
Dungeon (3/15)

Altars:

Shops:
D:1 ?


Message History

You are confused.
You bump into the rock wall.
You bump into the rock wall.
Something hits you.
* * * LOW HITPOINT WARNING * * *
You bump into the rock wall.
Something hits you.
* * * LOW HITPOINT WARNING * * *
You bump into the rock wall.
Something hits you but does no damage.
You bump into the rock wall.
You feel less confused. Something hits you but does no damage.
Fire: k) +6 sling of the Wary Dances {vorpal, Str+2 Int-5 Dex+2}
Press: ? - help, Q - select action, (/) - cycle Shift-Dir - straight line, f - you Really target yourself?
Okay, then.
Fire: k) +6 sling of the Wary Dances {vorpal, Str+2 Int-5 Dex+2}
Press: ? - help, Q - select action, (/) - cycle Shift-Dir - straight line, f - you Really target yourself?
Okay, then.
Fire: k) +6 sling of the Wary Dances {vorpal, Str+2 Int-5 Dex+2}
Press: ? - help, Q - select action, (/) - cycle Shift-Dir - straight line You shoot a sling bullet.
Something hits you.
* * * LOW HITPOINT WARNING * * *
Fire: k) +6 sling of the Wary Dances {vorpal, Str+2 Int-5 Dex+2}
Press: ? - help, Q - select action, (/) - cycle Shift-Dir - straight line You shoot a sling bullet.
Something hits you but does no damage. x2
Fire: k) +6 sling of the Wary Dances {vorpal, Str+2 Int-5 Dex+2}
Press: ? - help, Q - select action, (/) - cycle Shift-Dir - straight line You shoot a sling bullet.
Something hits you.
* * * LOW HITPOINT WARNING * * *
Fire: k) +6 sling of the Wary Dances {vorpal, Str+2 Int-5 Dex+2}
Press: ? - help, Q - select action, (/) - cycle Shift-Dir - straight line You shoot a sling bullet.
An orc wizard appears from thin air!
Reactivating autopickup.
You block the orc wizard's attack.
The orc wizard hits you with a +0 dagger.
You die...

#. .. #.# ##
####...
##.###.....
..###...##...
.........#.#
#.<)o@# #.)...#
#.>.).....#
#.!....#.#...#
..#...##>.<....
..#
##.######.### .
#. .# #. # #.


You could see an orc wizard.

Vanquished Creatures
  An adder (D:2)
  A worm (D:2)
  4 orcs (D:3)
  5 ball pythons
  7 endoplasms
  2 giant cockroaches (D:1)
  6 goblins
  7 hobgoblins
  2 jackals (D:2)
  7 kobolds
  A quokka (D:1)
  4 frilled lizards
  A rat (D:2)
48 creatures vanquished.

Notes
Turn   | Place    | Note
-------+----------+-------------------------------------------
     0 | D:1      | Ast3rio the Hill Orc Fighter began the quest for the Orb.
     0 | D:1      | Reached XP level 1. HP: 19/19 MP: 1/1
   122 | D:1      | Found Cinaw's Magic Scroll Shoppe.
   286 | D:1      | Reached XP level 2. HP: 27/27 MP: 2/2
   852 | D:1      | Reached skill level 4 in Fighting
   874 | D:1      | Reached XP level 3. HP: 33/33 MP: 3/3
  1047 | D:2      | Identified the +6 sling of the Wary Dances {vorpal, Str+2
                  | Int-5 Dex+2}
  1400 | D:2      | Reached XP level 4. HP: 40/41 MP: 4/4
  1458 | D:2      | Reached skill level 1 in Ranged Weapons
  1647 | D:3      | HP: 2/41 [something (3)]
  1650 | D:3      | Slain by an orc wizard

Illustrated notes

Levels and vault maps discovered:
D:1:      dpeg_arrival_three_smaller_balls, layout_basic, serial_shops,
          nicolae_shop_statue_plus
D:2:      layout_rooms, minmay_stone_trees_small
D:3:      layout_loops_cross, old_standard_altar, gup_sewer_entry_bubbles,
          kennysheep_cross_bottleneck

Skill      XL: |  1  2  3  4 |
---------------+-------------+-----
Axes           | 3 |  3.6
Fighting       | 4 |  4.4
Ranged Weapons | 1 |  1.3
Armour         | |  3.6
Dodging        | |  0.1
Shields        | |  3.5

Action                   |  1- 3 |  4- 6 || total
-------------------------+-------+-------++-------
Melee: War axe           |    46 |       ||    46
       Sling             |       |     3 ||     3
 Fire: Sling             |    31 |    29 ||    60
Armor: Scale mail        |    22 |    27 ||    49
Dodge: Dodged            |    25 |    15 ||    40
Block: Buckler           |     9 |     7 ||    16
